details: 'iphone fucker fetish revealed'

« prev index next »

General information

Mini Map

Players

team 1
Orc4v4randomteamer (red | 49 APM | 183 actions | 03:43)
Hero icon 1 Far Seer
Ability icon 1 Feral Spirit

» actions
Assign group hotkey8
Basic commands6
Build / train15
Enter build submenu6
Enter hero's abilities submenu1
Right click48
Select / deselect68
Select group hotkey23
Use ability8
183 total
» units
Peon8
Grunt4
12 total
» upgrades
Pillage1
1 total
» buildings
Altar of Storms1
Orc Burrow3
Barracks1
5 total
» build order
00:03 Altar of Storms
00:13 Orc Burrow
00:54 Barracks
01:30 Orc Burrow
02:42 Orc Burrow
Random» UndeadYou_Do_it (yellow | 14 APM | 52 actions | 03:42)

» actions
Build / train14
Enter build submenu3
Remove unit from queue3
Right click15
Select / deselect13
Use ability4
52 total
» units
Acolyte2
Ghoul7
9 total
» buildings
Altar of Darkness2
Ziggurat1
Crypt1
4 total
» build order
00:07 Altar of Darkness
00:07 Altar of Darkness
00:11 Ziggurat
00:14 Crypt
Random» NightElfxXCOBRAKILLER (orange | 20 APM | 75 actions | 03:42)
Hero icon 1 Warden
Ability icon 1 Blink

» actions
Build / train15
Enter build submenu5
Enter hero's abilities submenu1
Right click19
Select / deselect29
Use ability6
75 total
» units
Wisp8
Archer5
13 total
» buildings
Altar of Elders1
Moon Well3
Ancient of War1
5 total
» build order
00:08 Altar of Elders
00:11 Moon Well
00:42 Ancient of War
02:34 Moon Well
02:42 Moon Well
Random» OrcHunterHero (teal | 16 APM | 60 actions | 03:42)
Hero icon 1 Blademaster
Ability icon 1 Mirror Image

» actions
Build / train10
Enter build submenu8
Enter hero's abilities submenu1
Right click9
Select / deselect26
Use ability6
60 total
» units
Peon6
Grunt1
7 total
» buildings
Altar of Storms1
Orc Burrow2
Barracks1
War Mill1
Stronghold1
6 total
» build order
00:10 Altar of Storms
00:16 Orc Burrow
00:46 Barracks
01:56 War Mill
02:39 Orc Burrow
03:20 Stronghold
team 2
Undeadlevel3atleast (green | 25 APM | 4 actions | 00:09)

» actions
Right click2
Select / deselect2
4 total
Random» OrcMovesLikeJ4gger (pink | 60 APM | 7 actions | 00:07)

» actions
Build / train2
Right click2
Select / deselect3
7 total
» units
Peon2
2 total
NightElfrightinthenuts (blue | 3 APM | 10 actions | 03:42)

» actions
Build / train3
Right click2
Select / deselect5
10 total
» units
Wisp3
3 total
HumanLucyfer (purple | 0 APM | 0 actions | 00:04)

Chat log

(00:15 / All) 4v4randomteamer: gg wp
(00:18 / All) HunterHero: gg
(00:21 / Allies) xXCOBRAKILLER: GG
(00:24 / All) rightinthenuts: I will pause your face!
(00:25 / Allies) xXCOBRAKILLER: fucker
(00:27 / All) 4v4randomteamer: alt qq will instaquit
(00:29 / All) rightinthenuts: for your insolence I will destroy your farms
(00:51 / All) rightinthenuts: I am playing draw something on my iphone fucker
(01:03 / All) 4v4randomteamer: what game is "draw something on my iphone fucker"?
(01:08 / Allies) xXCOBRAKILLER: nyan nyan nayn
(01:24 / Allies) xXCOBRAKILLER: i love that game
(01:27 / All) rightinthenuts: the app is called "draw something"
(01:31 / Allies) HunterHero: i ttoo
(01:33 / Allies) xXCOBRAKILLER: ya
(01:35 / All) 4v4randomteamer: on your iphone fucker?
(01:39 / Allies) xXCOBRAKILLER: ya
(01:48 / All) rightinthenuts: what are you a fucking robot?
(01:56 / Allies) xXCOBRAKILLER: no
(01:57 / All) 4v4randomteamer: i am a sexbot indeed
(02:06 / Allies) xXCOBRAKILLER: lol
(02:08 / All) 4v4randomteamer: a fucking robot is very particular
(02:17 / All) 4v4randomteamer: it is my purpose to fuck
(02:20 / Allies) xXCOBRAKILLER: um no not really
(03:15 / All) rightinthenuts: who gets mirror image as first power
(03:18 / All) rightinthenuts: wtf
(03:19 / All) 4v4randomteamer: 4v4 pros